Map: Frost LE

Players

DrAk

  • Race: Terran Terran
  • League: Gold
  • Spawn Location: 1:00

Fropez - Winner!

  • Race: Protoss Protoss
  • League: Gold
  • Spawn Location: 11:00

VOD

Have the link to the VOD?

Description

Time

  • Played on: Sept. 9, 2016, 9:12 p.m.
  • Length: 9:25
Show
View Real Time Build Order
Export as new Build Order

DrAk Terran 

Build Orders: 1/1/1, MMM Bio 

Get SALT Encoding   

  12  0:01  SCV  
  13  0:13  SCV  
  14  0:20  Supply Depot  
  14  0:25  SCV  
  15  0:30  Refinery  
  15  0:42  SCV  
  16  0:47  Barracks  
  16  0:56  Supply Depot  
  16  0:58  SCV  
  17  1:10  SCV  
  18  1:15  Refinery  
  18  1:22  SCV  
  19  1:34  SCV  
  19  1:37  Factory  
  20  1:46  SCV  
  21  1:49  Reaper  
  22  1:58  SCV  
  23  2:07  Supply Depot  
  23  2:13  Orbital Command  
  23  2:21  Starport  
  23  2:26  Marine  
  24  2:40  Factory Tech Lab  
  24  2:44  Marine  
  24  2:45  Supply Depot  
  25  3:16  Starport Reactor  
  25  3:24  Barracks  
  25  3:26  Command Center  
  25  3:28  Marine  
  26  3:35  Stimpack  
  26  3:46  Marine  
  27  3:56  Medivac  
  29  4:04  Marine  
  30  4:11  Barracks Reactor  
  30  4:20  Medivac  
  30  4:22  Marine  
  30  5:20  Medivac x2  
  30  5:21  Marine x2  
  35  5:25  Marauder  
  38  5:33  Widow Mine  
  40  5:36  Concussive Shells, SCV  
  40  5:39  Marine x2  
  43  5:46  Marauder  
  43  5:49  SCV  
  46  5:56  Marine  
  47  5:57  Marine  
  47  5:58  Liberator x2  
  47  5:59  Engineering Bay  
  47  6:01  SCV  
  47  6:02  Widow Mine  
  51  6:13  SCV  
  58  6:18  Marine  
  58  6:19  Marine  
  58  6:23  Marauder  
  62  6:32  Supply Depot  
  62  6:36  Supply Depot  
  62  6:40  Terran Infantry Weapons Level 1  
  62  6:51  Supply Depot  
  62  6:53  Marine x2, SCV  
  62  6:54  Supply Depot, Marauder  
  67  6:56  Supply Depot  
  67  7:05  SCV  
  68  7:11  Marine x2  
  68  7:15  Marauder  
  72  7:17  SCV  
  72  7:20  Engineering Bay  
  72  7:22  Armory  
  73  7:23  Combat Shields  
  73  7:29  Marine x2  
  75  7:30  SCV  
  75  7:36  Marauder  
  72  7:42  SCV  
  69  7:46  Marine x2  
  64  8:04  SCV  
  65  8:16  SCV  
  66  8:28  SCV  
  67  8:40  SCV  
Show
View Real Time Build Order
Export as new Build Order

Fropez Protoss - Winner!

Build Orders:  

Get SALT Encoding   

  12  0:01  Probe (Chrono Boost)  
  13  0:18  Pylon  
  13  0:20  Probe (Chrono Boost)  
  14  0:30  Probe (Chrono Boost)  
  15  0:37  Gateway  
  15  0:42  Probe (Chrono Boost)  
  16  0:47  Assimilator  
  16  0:52  Probe (Chrono Boost)  
  17  1:03  Probe (Chrono Boost)  
  18  1:16  Probe (Chrono Boost)  
  19  1:18  Gateway  
  19  1:20  Pylon  
  19  1:27  Probe (Chrono Boost)  
  20  1:37  Probe (Chrono Boost)  
  21  1:44  Cybernetics Core  
  21  1:48  Probe (Chrono Boost)  
  21  1:51  Assimilator  
  22  1:58  Probe (Chrono Boost)  
  22  2:00  Pylon  
  23  2:09  Probe (Chrono Boost)  
  23  2:11  Pylon  
  24  2:20  Mothership Core (Chrono Boost)  
  24  2:22  Warp Gate (Chrono Boost)  
  26  2:41  Probe (Chrono Boost)  
  26  2:43  Adept x2  
  31  2:55  Pylon  
  31  3:10  Nexus  
  31  3:17  Probe  
  32  3:29  Probe  
  33  3:36  Twilight Council  
  33  3:37  Pylon  
  33  3:40  Pylon  
  33  3:49  Adept x2  
  33  3:53  Probe  
  38  4:05  Probe  
  38  4:07  Pylon  
  39  4:17  Probe  
  39  4:22  Resonating Glaives (Chrono Boost)  
  40  4:29  Probe  
  41  4:31  Dark Shrine  
  39  4:56  Probe  
  39  4:57  Probe  
  41  5:03  Assimilator  
  39  5:08  Gateway  
  39  5:10  Gateway, Robotics Facility  
  39  5:17  Pylon  
  39  5:23  Pylon  
  39  5:27  Probe  
  40  5:31  Adept x2  
  44  5:45  Probe x2  
  44  5:49  Pylon  
  46  5:50  Gateway  
  46  5:53  Adept x2  
  50  5:58  Immortal (Chrono Boost)  
  54  6:07  Probe  
  55  6:16  Probe  
  56  6:25  Probe  
  61  6:33  Adept x2, Immortal (Chrono Boost)  
  61  6:34  Pylon  
  61  6:36  Assimilator  
  65  6:42  Dark Templar  
  65  6:43  Dark Templar  
  69  6:58  Probe  
  69  7:00  Robotics Facility  
  70  7:01  Pylon  
  70  7:07  Observer (Chrono Boost)  
  71  7:44  Adept x2  
  71  7:45  Adept x3  
  71  7:48  Probe x2  
  81  7:53  Observer (Chrono Boost)  
  86  7:59  Immortal (Chrono Boost)  
  84  8:06  Dark Templar x2  
  84  8:07  Dark Templar x2  
  84  8:08  Dark Templar  
  94  8:18  Probe x2  
  96  8:37  Nexus  
  96  8:48  Dark Templar x2  
  72  9:04  Dark Templar  
Tags
 
Composition
MMM Bio
League
GoldGold
Matchup
PvT
Opening
1/1/1
Replay Pack
All Mines
Spawn Locations
Close Positions
Add a new tag
Caveats
  • Supply blocks, unpowered buildings, or Contaminate may cause inaccurate times.
  • Supply counts are checked every 10 seconds.